 Dungeon Crawl Stone Soup version 0.16-a0-4113-g7d8e295 (webtiles) character file.

249 Kaesh the Ruffian (level 5, -5/53 HPs)
             Began as a Troll Monk on Feb 28, 2015.
             Slain by a crocodile (14 damage)
             ... in a sewer.
             The game lasted 00:12:56 (2390 turns).

Kaesh the Ruffian (Troll Monk)                      Turns: 2390, Time: 00:12:56

Health: -5/53      AC:  5    Str: 19    XL:     5   Next: 87%
Magic:  0/2        EV:  6    Int:  6    God:
Gold:   175        SH: 13    Dex: 13    Spells: 0 memorised, 4 levels left

rFire  . . .     SeeInvis .       - Unarmed
rCold  . . .     Clarity  .     a - +0 robe
rNeg   . . .     SustAb   .     y - +2 large shield
rPois  .         Gourm    +     (helmet restricted)
rElec  .         Spirit   +     (no cloak)
rCorr  .         Warding  .     (gloves unavailable)
rMut   .         Stasis   .     (boots unavailable)
MR     .....                    o - amulet of guardian spirit
Stlth  +.........               (no ring)
                                (no ring)

@: not resistant to hostile enchantments, very unstealthy
A: unfitting armour, claws 3, fast metabolism 3, gourmand, regeneration 2,
shaggy fur 1, tough skin 2
a: no special abilities


You were in a sewer.
You were not hungry.

You visited 1 branch of the dungeon, and saw 4 of its levels.
You also visited: Sewer.

You collected 175 gold pieces.

Inventory:

Armour
 a - a +0 robe (worn)
 x - a +0 robe
 y - a +2 large shield (worn)
Jewellery
 o - an amulet of guardian spirit (around neck)
Magical devices
 v - a wand of frost (27)
Scrolls
 d - a scroll of blinking {unknown}
 e - a scroll of amnesia {unknown}
 f - 7 scrolls of remove curse {unknown}
 g - 4 scrolls of identify {unknown}
 l - a scroll of fog {unknown}
 m - 2 scrolls of immolation {unknown}
 n - 5 scrolls of teleportation {unknown}
 z - a scroll of fear {unknown}
Potions
 c - a potion of cancellation {unknown}
 h - a potion of agility {unknown}
 i - a potion of heal wounds {unknown}
 j - a potion of mutation {unknown}
 k - a potion of curing
 r - a potion of invisibility {unknown}
 s - 2 potions of haste {unknown}
 t - a potion of poison {unknown}
Comestibles
 b - 2 meat rations
 p - 2 bread rations
 q - a beef jerky
 u - a fruit
 w - 2 chunks of flesh


   Skills:
 + Level 3.2 Fighting
 + Level 3.7 Dodging
 + Level 1.1 Stealth
 + Level 0.2 Shields
 + Level 5.7 Unarmed Combat


You had 4 spell levels left.
You didn't know any spells.

Dungeon Overview and Level Annotations

Branches:
Dungeon (4/15)
 Temple: D:4-7

Altars:
Vehumet

Shops:
D:4 :


Innate Abilities, Weirdness & Mutations

You are too large for most types of armour.
You have claws for hands.
Your metabolism is lightning-fast.
You like to eat raw meat.
You heal very quickly.
You are covered in fur (AC +1).
You have very tough skin (AC +2).


Message History

The crocodile begins to bleed from its wounds!
The crocodile is lightly wounded.
The crocodile bites you!
You closely miss the crocodile.
The crocodile is lightly wounded.
The crocodile bites you!
Your shield prevents you from hitting the crocodile.
The crocodile is lightly wounded.
The crocodile is no longer bleeding.
The crocodile bites you!
* * * LOW HITPOINT WARNING * * *
The crocodile bites you!
Keep disrobing? [Y]es or [N]o only, please.
Keep disrobing? [Y]es or [N]o only, please.
Keep disrobing?
You stop removing your armour.
* * * LOW HITPOINT WARNING * * *
The crocodile bites you!
You die...

#.≈≈#.≈.#
#≈.###..##
#... #≈≈.#
#≈.# ##..#
.. #..#
#≈.# ##≈≈#
#...# #.
##.@##
#...#≈.t#
#.≈≈..##
#...≈.#
##≈≈.##
#≈≈. =.#≈#
#$(#. # ##


You could see a crocodile.

Vanquished Creatures
  A crimson imp (D:3)
  An orc priest (D:4)
  A worker ant (D:4)
  3 adders
  3 river rats (D:4)
  3 giant mites
  2 worms
  3 giant geckos
  7 orcs
  A ball python (D:3)
  6 giant cockroaches
  10 goblins
  8 hobgoblins
  4 jackals
  A quokka (D:2)
  4 bats
  3 giant newts
  11 kobolds
  9 rats
81 creatures vanquished.

Notes
Turn   | Place    | Note
--------------------------------------------------------------
     0 | D:1      | Kaesh, the Troll Monk, began the quest for the Orb.
     0 | D:1      | Reached XP level 1. HP: 22/22 MP: 1/1
   309 | D:1      | Reached XP level 2. HP: 26/29 MP: 1/1
   713 | D:2      | Reached XP level 3. HP: 36/36 MP: 2/2
  1211 | D:1      | HP: 1/36 [poisoned by an adder]
  1216 | D:1      | HP: 1/36 [poisoned by an adder]
  1223 | D:1      | HP: 1/36 [poisoned by an adder]
  1307 | D:2      | Reached skill level 5 in Unarmed Combat
  1336 | D:2      | Reached XP level 4. HP: 39/44 MP: 1/2
  1912 | D:3      | Found a radiant altar of Vehumet.
  2025 | D:4      | Reached XP level 5. HP: 51/53 MP: 2/2
  2060 | D:4      | Found Phiur's Book Shoppe.
  2272 | D:4      | Found a glowing drain.
  2287 | Sewer    | Entered a sewer
  2390 | Sewer    | Slain by a crocodile

Action                   |  1- 3 |  4- 6 || total
-------------------------+-------+-------++-------
Melee: Unarmed           |   100 |   119 ||   219
  Use: Potion            |     1 |       ||     1
 Stab: Sleeping          |       |     1 ||     1
  Eat: Chunk             |     8 |     9 ||    17
       Bread ration      |     1 |       ||     1
       Beef jerky        |     1 |       ||     1
